 Dungeon Crawl Stone Soup version 0.22-a0-266-g5fdf0d7 (webtiles) character file.

60 JeffiDaFish the Digger (level 4, 0/24 HPs)
             Began as a Gargoyle Earth Elementalist on Mar 8, 2018.
             Slain by a worm (9 damage)
             ... on level 2 of the Dungeon.
             The game lasted 00:05:09 (1348 turns).

JeffiDaFish the Digger (GrEE)                       Turns: 1348, Time: 00:05:09

Health: 0/24       AC:  5    Str:  9 (12) XL:     4   Next: 6%
Magic:  1/8        EV: 12    Int: 13 (16) God:
Gold:   46         SH:  0    Dex:  8 (10) Spells: 5/9 levels left

rFire    . . .     SeeInvis .   g - +0 short sword
rCold    . . .     Gourm    .   (no shield)
rNeg     + . .     Faith    .   c - +0 robe
rPois    ∞         Spirit   .   (no helmet)
rElec    +         Reflect  .   (no cloak)
rCorr    .         Harm     .   (no gloves)
MR       .....     Rnd*Tele +   (no boots)
Stlth    ++........             (no amulet)
HPRegen  0.08/turn              e - ring of teleportation (curse)
MPRegen  0.11/turn              (no ring)

@: no status effects
A: negative energy resistance 1, electricity resistance, unbreathing,
petrification resistance, rot immunity, AC +3
a: no special abilities


You were on level 2 of the Dungeon.
You were not hungry.

You visited 1 branch of the dungeon, and saw 2 of its levels.

You collected 46 gold pieces.

Inventory:

Hand Weapons
 g - a +0 short sword (weapon)
Missiles
 b - 49 stones (quivered)
Armour
 c - a +0 robe (worn)
Jewellery
 e - a cursed ring of teleportation (left hand)
Scrolls
 h - a scroll of identify
Potions
 f - 3 potions of haste
 i - a potion of lignification {unknown}
Comestibles
 a - 11 chunks of flesh
 d - 4 rations


   Skills:
 - Level 1.5 Dodging
 - Level 2.1 Stealth
 + Level 3.1 Spellcasting
   Level 0.7 Transmutations
 + Level 4.8 Earth Magic


You had 5 spell levels left.
You knew the following spells:

 Your Spells              Type           Power        Failure   Level  Hunger
a - Sandblast             Erth           ##....       3%          1    #......
b - Stone Arrow           Conj/Erth      #.....       26%         3    ###....


Dungeon Overview and Level Annotations

Branches:
Dungeon (2/15)

Altars:
Cheibriados


Innate Abilities, Weirdness & Mutations

You are resistant to torment.
Your stone body is resilient. (AC +3)
You are immune to poison.
You resist negative energy. (rN+)
You are resistant to electric shocks. (rElec)
You can survive without breathing.
You are immune to petrification.
You are immune to rotting.


Message History

b - 51 stones
Casting: Sandblast (safe; 3% risk of failure)
Confirm with . or Enter, or press ? or * to list all spells.
Aiming: Sandblast (safe; 3% risk of failure)
Press: ? - help, Shift-Dir - straight line, f - worm
Aim: a worm The blast of sand hits the worm.
The worm is heavily wounded.
b - 50 stones The rat bites you but does no damage.
The worm bites you.
Casting: Sandblast (safe; 3% risk of failure)
Confirm with . or Enter, or press ? or * to list all spells.
Aiming: Sandblast (safe; 3% risk of failure)
Press: ? - help, Shift-Dir - straight line, f/p - worm
Aim: a worm (moderately wounded)
The blast of sand hits the worm.
The worm is almost dead.
b - 49 stones The rat bites you but does no damage.
The worm bites you!
You die...

.....(..............
....................
.......(...........#.
.....................
.....................
.....................
.....................
........?...w†.......
............†@....>..
.....(........r......
.....##..............
..... #...>).........
#..............
##.._.[........
##....!#.....#
##...######## #####


You could see a worm and a rat.

Vanquished Creatures
  An adder (D:2)
  2 worms (D:2)
  A dart slug (D:1)
  3 leopard geckos
  6 bats (D:2)
  A giant cockroach (D:1)
  8 goblins
  8 hobgoblins
  5 kobolds
  3 rats (D:1)
38 creatures vanquished.

Notes
Turn   | Place    | Note
-------+----------+-------------------------------------------
     0 | D:1      | JeffiDaFish the Gargoyle Earth Elementalist began the quest for the Orb.
     0 | D:1      | Reached XP level 1. HP: 10/10 MP: 3/3
   247 | D:1      | Reached XP level 2. HP: 15/15 MP: 3/5
   252 | D:1      | Reached skill level 4 in Earth Magic
   910 | D:2      | Found a snail-covered altar of Cheibriados.
   988 | D:2      | Reached XP level 3. HP: 16/19 MP: 6/6
  1162 | D:2      | Learned a level 3 spell: Stone Arrow
  1324 | D:2      | Reached XP level 4. HP: 24/24 MP: 2/8
  1348 | D:2      | Slain by a worm

Vault maps used:
D:1:      minmay_arrival_split_and_join, minmay_fountain_box
D:2:      cheibrodos_helix_gallery, cheibriados_altar_1,
          nicolae_overflow_crystal_walls, minmay_tiny_reverse_x

Skill      XL: |  1  2  3 |
---------------+----------+-----
Earth Magic    | 4 |  4.8
Spellcasting   | 3 |  3.1
Dodging        | |  1.5
Stealth        | |  2.1
Transmutations | |  0.7

Action                   |  1- 3 |  4- 6 || total
-------------------------+-------+-------++-------
Melee: Unarmed           |     9 |       ||     9
       Short sword       |    74 |     3 ||    77
 Cast: Sandblast         |    32 |     5 ||    37
       Stone Arrow       |     1 |       ||     1
  Use: Potion            |     3 |       ||     3
       Scroll            |     4 |       ||     4
  Eat: Chunk             |     2 |       ||     2
Armor: Robe              |    51 |    11 ||    62
Dodge: Dodged            |    80 |    12 ||    92

Table legend:
 A = Spawn XP
 B = Non-spawn XP
 C = Spawn XP percentage of total XP
 D = Spawn monster count
 E = Non-spawn monster count
 F = Spawn count percentage of total count
 G = Total turns spent on level
                    A         B        C        D         E        F      G
               +---------+---------+-------+---------+---------+-------+---------
         Total |       0 |      87 |   0.0 |       0 |      38 |   0.0 |  1348
               +---------+---------+-------+---------+---------+-------+---------
           D:1 |       0 |      32 |   0.0 |       0 |      17 |   0.0 |   967
           D:2 |       0 |      55 |   0.0 |       0 |      21 |   0.0 |   381
               +---------+---------+-------+---------+---------+-------+---------
